 Dungeon Crawl Stone Soup version 0.27-a0-1084-g78b3836a5f (webtiles) character file.

Game seed: 4194149215548653385

4267 voltaire321 the Ducker (level 10, -19/72 HPs)
             Began as an Octopode Fighter on Apr 27, 2021.
             Was a Follower of Fedhas.
             Killed by the air
             ... invoked by Gastronok
              (24 damage)
             ... on level 8 of the Dungeon.
             The game lasted 00:29:17 (9010 turns).

voltaire321 the Ducker (Octopode Fighter)           Turns: 9010, Time: 00:29:18

Health: -19/72     AC: 12    Str: 16    XL:     10   Next: 31%
Magic:  13/13      EV: 15    Int: 18    God:    Fedhas [*.....]
Gold:   351        SH: 11    Dex: 14    Spells: 9/9 levels left

rFire    . . .     SeeInvis +   a - +0 trident (protect)
rCold    + . .     Faith    .   b - +1 kite shield
rNeg     . . .     Spirit   .   (helmet restricted)
rPois    +         Reflect  .   (no amulet)
rElec    .         Harm     .   i - +4 ring of protection
rCorr    .         Rampage  .   k - ring of the Coward {Contam rPois rC+ Int+7 SInv}
Will     .....                  (no ring)
Stlth    ++........             (no ring)
HPRegen  0.22/turn              (no ring)
MPRegen  0.13/turn              (no ring)
                                (no ring)
                                (no ring)

@: mighty, under a protective aura, slowed, very slow
A: almost no armour, amphibious, 8 rings, camouflage 1, gelatinous body 1,
(nimble swimmer 1), tentacles
a: Renounce Religion


You were on level 8 of the Dungeon.
You worshipped Fedhas.
Fedhas was aware of your devotion.
You visited 2 branches of the dungeon, and saw 9 of its levels.

You collected 351 gold pieces.

Inventory:

Hand Weapons
 a - a +0 trident of protection (weapon)
Armour
 b - a +1 kite shield (worn)
Jewellery
 i - a +4 ring of protection (left tentacle)
 k - the ring of the Coward (right tentacle) {Contam rPois rC+ Int+7 SInv}
   (You found it on level 4 of the Dungeon)

   [ring of see invisible]

   It affects your intelligence (+7).
   It protects you from cold.
   It protects you from poison.
   It lets you see invisible.
   It causes magical contamination when unequipped.
Wands
 m - a wand of mindburst (13)
 o - a wand of charming (8)
Scrolls
 e - 5 scrolls of teleportation
 j - a scroll of identify
Potions
 d - 2 potions of lignification
 f - 2 potions of cancellation {unknown}
 g - 2 potions of brilliance
 h - a potion of haste {unknown}
 l - 5 potions of curing {unknown}
 n - 2 potions of flight {unknown}
 q - a potion of degeneration {unknown}


   Skills:
 + Level 7.7 Fighting
 + Level 7.3 Polearms
 + Level 7.7 Dodging
 + Level 7.7 Shields
 + Level 4.1 Invocations


You had 9 spell levels left.
You didn't know any spells.
Your spell library contained the following spells:

 Spells                   Type           Power      Damage    Failure   Level
 Corona                   Hex            0%         N/A       50%         1
 Ensorcelled Hibernation  Hex/Ice        0%         N/A       63%         2
 Confusing Touch          Hex            0%         N/A       86%         3
 Dazzling Flash           Conj/Hex       0%         N/A       86%         3
 Tukima's Dance           Hex            0%         N/A       86%         3


Dungeon Overview and Level Annotations

Branches:
Dungeon (8/15)             Temple (1/1) D:7
   Lair: D:8-11

Altars:
Ashenzari
Cheibriados
Dithmenos
Elyvilon
Fedhas
Gozag
Hepliaklqana
Kikubaaqudgha
Makhleb
Nemelex Xobeh
Okawaru
Qazlal
Ru
Sif Muna
Uskayaw
Vehumet
Wu Jian
Xom
Yredelemnul
Zin
The Shining One

Annotations:
D:3 2 runed translucent doors, HendSelp's ghost, amateur MfGl
D:8 Gastronok


Innate Abilities, Weirdness & Mutations

You cannot wear most types of armour.
You are amphibious.
You can wear up to eight rings at the same time.
Your skin changes colour to match your surroundings (Stealth+).
Your rubbery body absorbs attacks. (AC +1, EV +1)
((You are camouflaged near water. (Stealth+)))
You have tentacles for arms and can constrict up to eight enemies at once.


Message History

You barely miss Gastronok. You squeeze Gastronok!
Gastronok is moderately wounded.
You block the rat's attack.
You puncture Gastronok!
You squeeze Gastronok, but do no damage.
Gastronok is moderately wounded.
The rat closely misses you. Gastronok bites you!
You puncture Gastronok! You squeeze Gastronok.
Gastronok is heavily wounded.
The rat barely misses you.
You hit Gastronok. You squeeze Gastronok.
Gastronok is heavily wounded.
The rat closely misses you. Gastronok completely misses you.
You puncture Gastronok! You squeeze Gastronok.
Gastronok is heavily wounded.
The rat barely misses you. You block the rat's attack.
Gastronok bites you but does no damage.
You hit Gastronok but do no damage.
Gastronok is heavily wounded.
The rat bites you but does no damage.
You puncture Gastronok!
Gastronok is severely wounded.
You block the rat's attack. Gastronok bites you!!
* * * LOW HITPOINT WARNING * * *
Your shield prevents you from hitting Gastronok.
You squeeze Gastronok!!
Gastronok is severely wounded.
The rat misses you.
You puncture Gastronok!
Gastronok is almost dead.
The rat bites you but does no damage. Gastronok looks at you while chanting.
You feel yourself slow down.
You hit Gastronok. You squeeze Gastronok.
Gastronok is almost dead.
The rat bites you but does no damage.
Gastronok waves his eye-stalks in wide circles.
The air twists around and strikes you!!
You die...
Fedhas appreciates your contribution to the ecosystem.

....# #.# #.######
###.# #.# #.# # #(#
#.# #.# ###.# #.# ##
#.# ....# #.# #.. #.#
###.# #.# #.# #.# #
#.# #.# #.# #.# # #.#
#.###.######## ##.# #
#.#
#......w@....##.##.#
#.#
####...r..$.....##.#
..#
#####..[(#####.#####.#
... ..w.....#b##
#.......#
####....##b###########
........###<#
####.#####.## ## ##.##
#)##


You could see Gastronok (swift) and a rat (summoned).

Vanquished Creatures
  Pikel (D:7)
  Psyche (D:8)
  Sigmund (D:2)
  3 yaks (D:8)
  A wyvern (D:8)
  Grum (D:8)
  2 steam dragons
  A sky beast (D:8)
  An orc warrior (D:7)
  An ice beast (D:6)
  A hornet zombie (D:7)
  2 centaurs (D:7)
  An ogre (D:5)
  4 wolves (D:8)
  A phantom (D:6)
  A lemure (D:6)
  A kobold brigand (D:8)
  3 bullfrogs
  A wyvern zombie (D:8)
  A water moccasin zombie (D:5)
  2 water moccasin skeletons (D:6)
  5 wights (D:7)
  A centaur skeleton (D:6)
  3 orc priests
  A bullfrog skeleton (D:5)
  3 hounds
  6 iguanas
  5 orc wizards
  A gnoll (D:6)
  8 adders
  A white imp (D:6)
  An ufetubus (D:6)
  An adder skeleton (D:4)
  3 worms
  A dart slug (D:1)
  25 orcs
  5 ball pythons
  10 endoplasms
  A giant cockroach (D:4)
  10 goblins
  6 hobgoblins
  4 jackals
  13 kobolds
  3 quokkas
  6 bats
  3 frilled lizards (D:1)
  7 rats
164 creatures vanquished.

Vanquished Creatures (others)
  3 plants (D:7)
3 creatures vanquished.

Grand Total: 167 creatures vanquished

Notes
Turn   | Place    | Note
-------+----------+-------------------------------------------
     0 | D:1      | voltaire321 the Octopode Fighter began the quest for the
                  | Orb.
     0 | D:1      | Reached XP level 1. HP: 16/16 MP: 1/1
    71 | D:1      | Found a faded altar of an unknown god.
   203 | D:1      | Reached XP level 2. HP: 12/21 MP: 2/2
   660 | D:1      | Reached XP level 3. HP: 26/26 MP: 3/3
  1260 | D:2      | Reached XP level 4. HP: 31/31 MP: 4/4
  1262 | D:2      | Noticed Sigmund
  1772 | D:2      | Killed Sigmund
  1773 | D:2      | Reached XP level 5. HP: 6/37 MP: 5/5
  2040 | D:2      | Reached XP level 6. HP: 43/43 MP: 6/6
  2091 | D:3      | Found a runed translucent door.
  2108 | D:3      | Found a runed translucent door.
  2670 | D:3      | Noticed HendSelp's ghost (amateur MfGl)
  3072 | D:4      | Identified the ring of the Coward {Contam rPois rC+ Int+7
                  | SInv}
  3720 | D:4      | Found an iron altar of Okawaru.
  3816 | D:5      | Entered Level 5 of the Dungeon
  3949 | D:5      | Reached XP level 7. HP: 41/49 MP: 7/7
  4202 | D:5      | Noticed a two-headed ogre
  4718 | D:5      | Reached skill level 5 in Dodging
  4718 | D:5      | Reached skill level 5 in Shields
  4869 | D:6      | Reached skill level 5 in Fighting
  5043 | D:6      | Noticed a steam dragon
  5141 | D:6      | Reached XP level 8. HP: 53/55 MP: 8/8
  5281 | D:6      | Reached skill level 5 in Polearms
  6115 | D:7      | Noticed Pikel
  6125 | D:7      | Killed Pikel
  6126 | D:7      | Reached XP level 9. HP: 34/63 MP: 9/9
  6274 | D:7      | Identified the +1 ring mail of the Devil's Team {rElec
                  | Str-2 Int+3 Dex+7}
  6281 | D:7      | Identified the +8 flail "Elargh" {freeze, Contam rPois
                  | rCorr Stlth-}
  6345 | D:7      | Found a staircase to the Ecumenical Temple.
  6351 | Temple   | Entered the Ecumenical Temple
  6368 | Temple   | Became a worshipper of Fedhas Madash
  6607 | D:7      | Reached skill level 1 in Invocations
  7476 | D:8      | Noticed Gastronok
  7771 | D:8      | Reached * piety under Fedhas
  7780 | D:8      | Reached XP level 10. HP: 39/71 MP: 12/12
  8167 | D:8      | Noticed Grum
  8178 | D:8      | Killed Grum
  8381 | D:8      | HP: 1/71 [Gastronok (7)]
  8814 | D:8      | Noticed Psyche
  8827 | D:8      | Killed Psyche
  9010 | D:8      | Killed from afar by Gastronok

Illustrated notes

Levels and vault maps discovered:
D:1:      dpeg_arrival_houses_and_road, layout_loops_cross,
          chequers_ecumenical_altar_simple_redux
D:2:      layout_rooms, chequers_jeans, uniq_sigmund
D:3:      layout_basic, ebering_ghost_sewer_f, kennysheep_generic_room_2
D:4:      layout_loops_ring, kennysheep_okawaru_gauntlet, minmay_puff
D:5:      layout_basic
D:6:      minmay_general_purpose_star, layout_basic, hangedman_decor_growths
D:7:      layout_cave_pools, temple_green, serial_bayou_pond_e, uniq_pikel
D:8:      layout_loops_ring, uniq_gastronok, uniq_grum, uniq_psyche
Temple:   regret_index_temple_chain_breaker

Skill      XL: |  1  2  3  4  5  6  7  8  9 10 |
---------------+-------------------------------+-----
Fighting       | 4 5 6 7 |  7.7
Polearms       | 3 4 6 7 |  7.3
Dodging        | 4 5 6 7 |  7.7
Shields        | 4 5 6 7 |  7.7
Invocations    | 3 4 |  4.1

Action                   |  1- 3 |  4- 6 |  7- 9 | 10-12 || total
-------------------------+-------+-------+-------+-------++-------
Melee: Trident           |    69 |   132 |   287 |    92 ||   580
       Constrict         |    12 |    25 |    41 |     7 ||    85
       Tentacles         |    11 |    19 |    66 |    29 ||   125
  Use: Scroll            |       |     2 |     6 |     2 ||    10
       Potion            |       |       |     2 |     1 ||     3
 Stab: Sleeping          |     8 |    12 |     3 |     1 ||    24
Armor: Skin              |     2 |    12 |    75 |    21 ||   110
Dodge: Dodged            |    28 |    41 |   113 |    43 ||   225
Block: Kite shield       |    16 |    47 |   153 |    42 ||   258

Table legend: (Time is in decaauts)
 A = Elapsed time spent in this place.
 B = Non-inter-level travel time spent in this place.
 C = Inter-level travel time spent in this place.
 D = Time resting spent in this place.
 E = Time spent auto-exploring this place.
 F = Levels seen in this place.
 G = Mean time per level.
                   A        B        C        D        E       F      G
               +--------+--------+--------+--------+--------+-----+--------+
         Total |   9172 |   8796 |    376 |   3026 |   3311 |   9 | 1019.1 |
       Dungeon |   9039 |   8663 |    376 |   3026 |   3201 |   8 | 1129.9 |
        Temple |    132 |    132 |      0 |      0 |    110 |   1 |  132.0 |
               +--------+--------+--------+--------+--------+-----+--------+

Top non-repeatable levels by time:
     D:7: 1777 daAuts
     D:6: 1236 daAuts
     D:1: 1193 daAuts
     D:8: 1081 daAuts
     D:5: 993 daAuts
     D:2: 931 daAuts
     D:3: 926 daAuts
     D:4: 899 daAuts
  Temple: 132 daAuts
